 Dungeon Crawl Stone Soup version 0.31-a0-845-g9abc20d24f (webtiles) character file.

Game seed: 15313964646381271471

63 hikkokomori the Firebug (level 3, -11/29 HPs)
             Began as a Draconian Fire Elementalist on Oct 2, 2023.
             Killed by divine providence
             ... invoked by an orc priest
              (15 damage)
             ... on level 4 of the Dungeon.
             The game lasted 00:03:39 (2113 turns).

hikkokomori the Firebug (DrFE)                      Turns: 2113, Time: 00:03:41

Health: -11/29     AC:  9    Str: 10    XL:     3   Next: 89%
Magic:  0/6        EV: 12    Int: 17    God:
Gold:   95         SH:  0    Dex: 11    Spells: 4/7 levels left

rFire   . . .        k - +2 dagger (speed)
rCold   . . .        (no shield)
rNeg    . . .        (body armour unavailable)
rPois   .            p - +0 hat
rElec   .            (no cloak)
rCorr   .            (no gloves)
SInv    .            (no boots)
Will    .....        (no amulet)
Stlth   ++           c - +4 ring of protection
HPRegen 0.24/turn    (no ring)
MPRegen 0.10/turn

%: no passive effects
@: no status effects
A: AC +5, unfitting armour, cold-blooded
a: no special abilities


You were on level 4 of the Dungeon.
You visited 1 branch of the dungeon, and saw 4 of its levels.

You collected 95 gold pieces.

Inventory:

Hand Weapons
 j - a +0 dagger
 k - a +2 dagger of speed (weapon)
Armour
 l - a +2 tower shield
 p - a +0 hat (worn)
Jewellery
 c - a +4 ring of protection (left hand)
Scrolls
 b - 3 scrolls of teleportation {unknown}
 d - a scroll of blinking {unknown}
 f - a scroll of fog {unknown}
 g - a scroll of brand weapon {unknown}
 h - a scroll of noise {unknown}
 i - a scroll of amnesia {unknown}
 m - a scroll of enchant weapon {unknown}
 n - a scroll of immolation {unknown}
Potions
 a - 2 potions of magic
 e - a potion of enlightenment {unknown}
 o - a potion of heal wounds {unknown}
 q - a potion of curing {unknown}


   Skills:
 + Level 1.7 Fighting
 - Level 1.7 Dodging
 + Level 2.5 Stealth
 + Level 2.6 Spellcasting
 - Level 1.0 Conjurations
 + Level 3.5 Fire Magic


You had 4 spell levels left.
You knew the following spells:

 Your Spells              Type           Power      Damage    Failure   Level
a - Foxfire               Conj/Fire      36%        2x1d5     7%          1
b - Scorch                Fire           28%        2d6       6%          2

Your spell library contained the following spells:

 Spells                   Type           Power      Damage    Failure   Level
 Inner Flame              Hex/Fire       8%         N/A       26%         3
 Volatile Blastmotes      Fire/Tloc      16%        2d11      26%         3
 Tukima's Dance           Hex            2%         N/A       50%         3
 Flame Wave               Conj/Fire      9%         2d6       56%         4
 Passage of Golubria      Tloc           2%         N/A       88%         4
 Yara's Violent Unravell  Hex/Tmut       1%         3d3       99%         5


Dungeon Overview and Level Annotations

Branches:
Dungeon (4/15)
 Temple: D:4-7

Altars:


Innate Abilities, Weirdness & Mutations

Your plain brown scales are hard. (AC +5)
You cannot fit into any form of body armour.
You are cold-blooded and may be slowed by cold attacks.


Message History

You conjure some foxfire!
The orc priest misses you. The orc closely misses you.
You hit the orc priest but do no damage.
The orc priest is heavily wounded.
The foxfire hits the orc priest but does no damage.
The orc priest is heavily wounded.
The orc priest misses you.
The orc priest hits your foxfire with a +0 hand axe.
The foxfire hits the orc priest.
The orc priest is heavily wounded.
You closely miss the orc priest.
The orc priest is heavily wounded.
The orc barely misses you.
The orc priest hits you with a +0 hand axe.
You hit the orc priest but do no damage.
The orc priest is heavily wounded.
You closely miss the orc priest.
The orc priest is heavily wounded.
The orc completely misses you.
The orc priest calls down the wrath of Beogh upon you.
Beogh smites you!
You hit the orc priest but do no damage.
The orc priest is heavily wounded.
The orc completely misses you.
The orc priest calls down the wrath of Beogh upon you.
Beogh smites you!
* * * LOW HITPOINT WARNING * * *
You barely miss the orc priest.
The orc priest is heavily wounded.
You hit the orc priest but do no damage.
The orc priest is heavily wounded.
The orc hits you but does no damage.
The orc priest casts a cantrip, but nothing happens.
You completely miss the orc priest.
Your tail-slap misses the orc priest.
The orc priest is heavily wounded.
The orc closely misses you.
The orc priest invokes the aid of Beogh against you.
Beogh smites you!
Ouch! That really hurt!
You die...

.## ..# >#
###.##.#
###...##.#
#.....##.#
#o.(###.##.####
..o..###...†.....#
.o.###.....o)....#
.#
#[......o@....##
###............#
###..........####
###...........#
)...........##.#
###...####..#
#..<..##..#
##.........#
..........##


You could see an orc priest and an orc.

Vanquished Creatures
  2 adders
  A dart slug (D:3)
  An orc (D:4)
  2 endoplasms
  A giant cockroach (D:3)
  5 goblins
  3 hobgoblins
  3 jackals (D:3)
  3 quokkas
  4 ball pythons
  3 bats
  6 frilled lizards
  4 kobolds
  5 rats
43 creatures vanquished.

Vanquished Creatures (others)
  64 foxfires
64 creatures vanquished.

Grand Total: 107 creatures vanquished

Notes
Turn   | Place    | Note
-------+----------+-------------------------------------------
     0 | D:1      | hikkokomori the Draconian Fire Elementalist began the quest
                  | for the Orb.
     0 | D:1      | Reached XP level 1. HP: 14/14 MP: 3/3
   785 | D:2      | Reached XP level 2. HP: 22/22 MP: 3/5
   816 | D:2      | Reached skill level 1 in Fighting
  1338 | D:2      | Reached XP level 3. HP: 28/28 MP: 6/6
  1341 | D:2      | Learned a level 2 spell: Scorch
  1606 | D:3      | Found a faded altar of an unknown god.
  2113 | D:4      | Killed from afar by an orc priest

Illustrated notes

Levels and vault maps discovered:
D:1:      dpeg_arrival_round_b, layout_basic, chequers_serial_rivers_micro_c,
          minmay_misc_feat_ornament
D:2:      layout_basic
D:3:      layout_basic, gammafunk_ghost_nasty_kobolds,
          shapermc_ecumenical_altar_flowoftime
D:4:      layout_loops_ring, minmay_unequal

Skill      XL: |  1  2 |
---------------+-------+-----
Stealth        | 2 |  2.5
Fighting       | 1 |  1.7
Dodging        | |  1.7
Spellcasting   | |  2.6
Conjurations   | |  1.0
Fire Magic     | |  3.5

Action                     || total
---------------------------++-------
  Melee: Unarmed           ||     3
         Dagger            ||    86
         Tailslap          ||     6
         Punch             ||     1
   Cast: Foxfire           ||    37
         Scorch            ||     1
   Stab: Sleeping          ||     6
 Armour: Skin              ||    42
  Dodge: Dodged            ||    56

Table legend: (Time is in decaauts)
 A = Elapsed time spent in this place.
 B = Non-inter-level travel time spent in this place.
 C = Inter-level travel time spent in this place.
 D = Time resting spent in this place.
 E = Time spent auto-exploring this place.
 F = Levels seen in this place.
 G = Mean time per level.
                   A        B        C        D        E       F      G
               +--------+--------+--------+--------+--------+-----+--------+
         Total |   2082 |   1944 |    138 |      0 |   1646 |   4 |  520.5 |
       Dungeon |   2082 |   1944 |    138 |      0 |   1646 |   4 |  520.5 |
               +--------+--------+--------+--------+--------+-----+--------+

Top non-repeatable levels by time:
     D:1: 834 daAuts
     D:2: 619 daAuts
     D:3: 485 daAuts
     D:4: 143 daAuts
